 Dungeon Crawl Stone Soup version 0.22-a0-271-gc000056 (webtiles) character file.

12021 4thArraOfDagon the Frost Mage (level 12, -7/81 HPs)
             Began as a Formicid Ice Elementalist on Mar 12, 2018.
             Was a High Priest of Sif Muna.
             Mangled by a phantasmal warrior (38 damage)
             ... led by a death knight
             ... on level 11 of the Dungeon.
             The game lasted 00:39:15 (6435 turns).

4thArraOfDagon the Frost Mage (FoIE)                Turns: 6435, Time: 00:39:16

Health: -7/81      AC: 10    Str: 12 (15) XL:     12   Next: 15%
Magic:  25/47      EV: 12    Int: 16 (18) God:    Sif Muna [*****.]
Gold:   547        SH:  0    Dex:  9 (11) Spells: 16/25 levels left

rFire    . . .     SeeInvis +   k - staff of power {!a}
rCold    . . .     Gourm    .   (no shield)
rNeg     . . .     Faith    .   I - +1 robe {MR+}
rPois    .         Spirit   .   (helmet unavailable)
rElec    .         Reflect  .   u - +0 cloak
rCorr    .         Harm     .   (no gloves)
MR       ++...                  J - +0 pair of boots
Stlth    ++........             t - amulet of magic regeneration
HPRegen  0.23/turn              e - +5 ring of protection
MPRegen  0.55/turn              F - ring of magical power

@: divine energy
A: permanent stasis, dig shafts and tunnels, four strong arms, antennae 3
a: Dig, Shaft Self, Stop Divine Energy, Channel Magic, Forget Spell, Renounce
Religion


You were on level 11 of the Dungeon.
You worshipped Sif Muna.
Sif Muna was extremely pleased with you.
You were not hungry.

You visited 2 branches of the dungeon, and saw 12 of its levels.
You also visited: Sewer.

You collected 571 gold pieces.
You spent 24 gold pieces at shops.

Inventory:

Hand Weapons
 b - a +0 short sword
 h - a +0 morningstar
Missiles
 M - 2 throwing nets (quivered)
 N - 4 poisoned javelins
Armour
 a - a +0 robe
 f - a +0 robe of magic resistance
 u - a +0 cloak (worn)
 I - a +1 robe of magic resistance (worn)
 J - a +0 pair of boots (worn)
Magical Staves
 k - an uncursed staff of power (weapon) {!a}
Jewellery
 e - a +5 ring of protection (left hand)
 l - an uncursed ring of positive energy
 r - an uncursed ring of positive energy
 t - an amulet of magic regeneration (around neck)
 A - an uncursed ring of resist corrosion
 F - a ring of magical power (right hand)
Wands
 d - a wand of clouds (4)
 j - a wand of iceblast (16)
 m - a wand of digging (16)
 y - a wand of random effects (18)
 D - a wand of enslavement (11)
 L - a wand of paralysis (13)
Scrolls
 g - 3 scrolls of remove curse
 n - 2 scrolls of magic mapping {unknown}
 s - 2 scrolls of immolation {unknown}
 v - a scroll of enchant armour {unknown}
 w - a scroll of identify
 x - a scroll of fear
 E - a scroll of enchant weapon
 G - a scroll of amnesia
Potions
 i - 4 potions of lignification
 o - 3 potions of flight
 p - 2 potions of heal wounds
 q - 6 potions of curing
 B - a potion of brilliance
 H - a potion of magic
 K - 2 potions of agility
 O - a potion of might
Comestibles
 c - 13 rations
 z - 12 chunks of flesh


   Skills:
 + Level 3.3 Fighting
 + Level 3.2 Armour
 - Level 1.7 Dodging
 - Level 2.4 Stealth
 + Level 7.4 Spellcasting
 * Level 9.4 Conjurations
 * Level 11.3 Ice Magic
 + Level 8.2 Invocations


You had 16 spell levels left.
You knew the following spells:

 Your Spells              Type           Power        Failure   Level  Hunger
a - Freeze                Ice            ####         1%          1    None
b - Throw Icicle          Conj/Ice       #####...     1%          4    ####...
c - Summon Ice Beast      Ice/Summ       ###.....     11%         4    ####...


Dungeon Overview and Level Annotations

Branches:
Dungeon (11/15)            Temple (1/1) D:7            Lair (0/6) D:8
    Orc (0/2) D:11

Altars:
Ashenzari
Cheibriados
Dithmenos
Elyvilon
Fedhas
Gozag
Hepliaklqana
Kikubaaqudgha
Makhleb
Nemelex Xobeh
Okawaru
Qazlal
Ru
Sif Muna
Trog
Uskayaw
Vehumet
Wu Jian
Zin
The Shining One

Shops:
D:4 ?


Innate Abilities, Weirdness & Mutations

You cannot be hasted, slowed, berserked, paralysed or teleported.
You can dig through walls and to a lower floor.
Your four strong arms can wield two-handed weapons with a shield.
You have a pair of large antennae on your head. (SInv)


Message History

The shard of ice hits the phantasmal warrior.
The phantasmal warrior partially resists.
The phantasmal warrior is heavily damaged.
Your ice beast hits the wraith but does no damage.
The phantasmal warrior hits you!! The wraith hits your ice beast.
The wraith drains your ice beast's vigour!
Your ice beast seems to slow down.
Your ice beast hits the wraith but does no damage.
Unknown command.
Casting: Throw Icicle (safe; 1% risk of failure)
Confirm with . or Enter, or press ? or * to list all spells.
Aiming: Throw Icicle (safe; 1% risk of failure)
Press: ? - help, Shift-Dir - straight line, f/p - phantasmal warrior
Aim: a phantasmal warrior (heavily damaged)
The shard of ice hits the phantasmal warrior.
The phantasmal warrior partially resists.
The phantasmal warrior is severely damaged.
Your ice beast hits the wraith but does no damage.
The phantasmal warrior hits you!!!
You die...

#........'....#
#########.......#.)..# ......#
#......##....(.(#....# ......#
................#....# ......#
#..............#.....# ......#
#..............##....##......#
..)...................#.....<.
...............W...Y..#.......
................@..YW#.####+##
...................Y.#{......#
#......##......##....##{{....#
#'#######......##....##{......#
#....................#...{....#
#....................#........#
#....................#....p?..#
#....................##......##
#......).............##......#


You could see a phantasmal warrior, a wraith and 3 friendly ice beasts.

Vanquished Creatures
  3 two-headed ogres (D:11)
  Nergalle (D:11)
  An unseen horror (D:10)
  A merfolk (D:9)
  A komodo dragon (D:10)
  A hornet (D:9)
  2 hippogriffs
  2 wyverns
  Sigmund (D:4)
  13 yaks
  2 hungry ghosts
  3 sky beasts
  2 black bears (D:9)
  6 orc warriors
  2 phantoms
  A swamp drake (D:11)
  A necrophage (D:9)
  2 ice beasts
  9 ogres
  4 centaurs
  A crocodile (D:11)
  A big kobold (Sewer)
  6 bullfrogs
  A water moccasin zombie (D:9)
  5 scorpions
  A killer bee (D:11)
  4 wights
  A howler monkey (D:8)
  An electric eel (D:11)
  2 centaur zombies (D:11)
  2 crimson imps
  4 jellies
  9 hounds
  2 orc priests
  3 worker ants
  Natasha (thrice) (D:2)
  An iguana (D:9)
  11 orc wizards
  A hound skeleton (D:8)
  A worker ant zombie (D:8)
  7 gnolls
  9 adders
  2 river rats (Sewer)
  A shadow imp (D:5)
  An adder zombie (D:5)
  An adder skeleton (D:8)
  4 worms
  2 dart slugs
  2 leopard geckos
  56 orcs
  9 bats
  A giant cockroach (D:3)
  5 goblins
  4 hobgoblins
  6 jackals
  10 kobolds
  5 quokkas
  3 ball pythons
  5 frilled lizards
  A leopard gecko skeleton (D:4)
  A quokka skeleton (D:7)
  5 rats
258 creatures vanquished.

Vanquished Creatures (collateral kills)
  An ice beast (D:6)
  12 killer bees
  A hound (D:10)
  2 centaur skeletons
  An orc (D:6)
17 creatures vanquished.

Vanquished Creatures (others)
  A yak (D:8)
1 creature vanquished.

Grand Total: 276 creatures vanquished

Notes
Turn   | Place    | Note
-------+----------+-------------------------------------------
     0 | D:1      | 4thArraOfDagon the Formicid Ice Elementalist began the quest for the Orb.
     0 | D:1      | Reached XP level 1. HP: 13/13 MP: 3/3
    70 | D:1      | Reached XP level 2. HP: 11/19 MP: 0/5
    96 | D:1      | You fall through a shaft!
   222 | D:3      | Noticed an ogre
   284 | D:3      | Reached skill level 4 in Ice Magic
   284 | D:3      | Reached XP level 3. HP: 19/24 MP: 0/6
   454 | D:4      | Reached XP level 4. HP: 20/30 MP: 1/7
   536 | D:4      | Reached skill level 5 in Ice Magic
   579 | D:4      | Found a glowing drain.
   597 | D:5      | Entered Level 5 of the Dungeon
   682 | D:7      | Noticed an ogre
   696 | D:7      | Learned a level 4 spell: Throw Icicle
   733 | D:6      | Noticed an ice beast
   785 | D:7      | Found a staircase to the Ecumenical Temple.
   787 | D:7      | Noticed a sky beast
   793 | D:7      | Killed a sky beast
   793 | D:7      | Reached skill level 1 in Conjurations
   793 | D:7      | Reached XP level 5. HP: 35/35 MP: 9/9
   793 | D:7      | Reached XP level 6. HP: 41/41 MP: 10/10
   797 | Temple   | Entered the Ecumenical Temple
   831 | Temple   | Became a worshipper of Sif Muna the Loreminder
   938 | Sewer    | Entered a sewer
  1036 | Sewer    | Reached skill level 1 in Invocations
  1083 | Sewer    | Found a white marble altar of Elyvilon.
  1141 | D:4      | Found Luz Miho's Magic Scroll Emporium.
  1144 | D:4      | Bought a scroll of identify for 24 gold pieces
  1158 | D:4      | Noticed Sigmund
  1174 | D:4      | Learned a level 4 spell: Summon Ice Beast
  1296 | D:2      | Found an opulent altar of Gozag.
  1355 | D:2      | Noticed Natasha
  1358 | D:2      | Killed Natasha
  1384 | D:2      | Reached skill level 6 in Ice Magic
  1389 | D:2      | Reached XP level 7. HP: 44/46 MP: 11/11
  1445 | D:2      | Noticed Natasha
  1451 | D:2      | Killed Natasha
  1501 | D:2      | Noticed Natasha
  1503 | D:2      | Killed Natasha
  1503 | D:2      | Reached * piety under Sif Muna
  2203 | D:4      | Reached XP level 8. HP: 32/52 MP: 13/13
  2262 | D:4      | Reached ** piety under Sif Muna
  2326 | D:4      | Found a burning altar of Makhleb.
  2334 | D:4      | Reached skill level 7 in Ice Magic
  2399 | D:4      | Killed Sigmund
  2423 | D:4      | Found a snail-covered altar of Cheibriados.
  2541 | D:5      | Got a smoking whip
  2598 | D:5      | Found a radiant altar of Vehumet.
  2598 | D:5      | Found an iron altar of Okawaru.
  2611 | D:5      | Found a burning altar of Makhleb.
  2771 | D:5      | Identified the cursed +2 whip "Fuzapnur" {freeze, Str+3} (You found it on level 5 of the Dungeon)
  2832 | D:6      | Reached skill level 5 in Conjurations
  2832 | D:6      | Reached XP level 9. HP: 57/57 MP: 15/15
  3058 | D:6      | Found an ancient bone altar of Kikubaaqudgha.
  3077 | D:6      | Found a shattered altar of Ashenzari.
  3085 | D:6      | Reached *** piety under Sif Muna
  3085 | D:6      | Reached skill level 8 in Ice Magic
  3391 | D:7      | Reached skill level 5 in Spellcasting
  3445 | D:7      | Reached skill level 5 in Invocations
  3623 | D:7      | Noticed a hippogriff
  3631 | D:7      | Killed a hippogriff
  3695 | D:7      | Reached XP level 10. HP: 63/63 MP: 18/18
  3811 | D:8      | Reached skill level 9 in Ice Magic
  3833 | D:8      | Reached **** piety under Sif Muna
  3942 | D:8      | Found a staircase to the Lair.
  4610 | D:9      | Found a hazy altar of Hepliaklqana.
  4711 | D:9      | Reached skill level 10 in Ice Magic
  4866 | D:9      | Found a bloodstained altar of Trog.
  4905 | D:9      | Reached XP level 11. HP: 62/68 MP: 20/20
  5124 | D:9      | Reached ***** piety under Sif Muna
  5263 | D:10     | Entered Level 10 of the Dungeon
  5308 | D:10     | Identified Horphir's Volume of Darkness and Arcane Weapons (Sif Muna gifted it to you on level 10 of the Dungeon)
  5308 | D:10     | Received a gift from Sif Muna
  5353 | D:10     | Reached skill level 1 in Fighting
  5353 | D:10     | Reached skill level 1 in Armour
  5517 | D:10     | Identified the +0 helmet "Eschiudgh" {+Inv rCorr Dex+4} (You found it on level 10 of the Dungeon)
  5745 | D:10     | Noticed an unseen horror
  5747 | D:10     | Killed an unseen horror
  5805 | D:11     | Noticed a two-headed ogre
  5811 | D:11     | Killed a two-headed ogre
  5838 | D:11     | Noticed a two-headed ogre
  5844 | D:11     | Killed a two-headed ogre
  5844 | D:11     | Reached skill level 11 in Ice Magic
  5881 | D:11     | Noticed Nergalle
  5890 | D:11     | Noticed a spectral orc warlord
  5890 | D:11     | Noticed a spectral orc warlord
  5900 | D:11     | Killed Nergalle
  6070 | D:11     | Found a staircase to the Orcish Mines.
  6292 | D:11     | Reached XP level 12. HP: 75/81 MP: 0/22
  6408 | D:11     | Noticed a two-headed ogre
  6412 | D:11     | Killed a two-headed ogre
  6414 | D:11     | Noticed a death knight
  6435 | D:11     | Mangled by a phantasmal warrior

Vault maps used:
D:1:      scummos_arrival_gate, serial_park_tiny_2
D:2:      grunt_gozag_breadcrumbs, uniq_natasha
D:4:      overflow_temple_1_default, first_ration, serial_shops,
          nicolae_shop_behind_doors, cheibrodos_sewer_entry_sluice,
          kennysheep_diamond, uniq_sigmund
D:5:      kennysheep_mini_moat, gammafunk_temple_overflow_elements,
          gammafunk_temple_overflow_wave
D:6:      marbit_many_paths, nicolae_ashenzari_panopticon
D:7:      minmay_temple_entry_junction, minmay_misc_feat_pillars
D:8:      dpeg_oklobed_lair, special_room
D:9:      trog_ov_bears_minmay, lemuel_round_altar, hangedman_fish_farm
D:11:     erik_orc_1, serial_bayou_ford_a, david_defended_altar_orc,
          uniq_nergalle
Temple:   nicolae_temple_x_marks_the_god
Sewer:    sewer_kobolds

Skill      XL: |  1  2  3  4  5  6  7  8  9 10 11 12 |
---------------+-------------------------------------+-----
Ice Magic      | 4 5 6 7 8 10 11 | 11.3
Conjurations   | 1 2 3 5 6 8 9 |  9.4
Invocations    | 1 2 4 5 6 8 |  8.2
Spellcasting   | 3 4 5 6 7 |  7.4
Fighting       | 3 |  3.3
Armour         | 2 3 |  3.2
Dodging        | |  1.7
Stealth        | |  2.4

Action                   |  1- 3 |  4- 6 |  7- 9 | 10-12 || total
-------------------------+-------+-------+-------+-------++-------
Melee: Short sword       |    25 |       |       |       ||    25
       Staff             |       |     3 |     6 |     3 ||    12
 Cast: Freeze            |    31 |    79 |   134 |    52 ||   296
       Throw Icicle      |       |     3 |    99 |   241 ||   343
       Summon Ice Beast  |       |       |     5 |    20 ||    25
Invok: Divine Energy     |       |       |     1 |       ||     1
       Channel Magic     |       |       |     1 |     4 ||     5
 Abil: Dig               |     7 |     4 |    31 |    15 ||    57
       Shaft Self        |     1 |       |       |       ||     1
Evoke: Wand              |       |     1 |     1 |    15 ||    17
  Use: Scroll            |       |     2 |    10 |     8 ||    20
       Potion            |       |       |       |     2 ||     2
 Stab: Sleeping          |     1 |       |       |       ||     1
  Eat: Chunk             |     1 |     2 |    33 |    46 ||    82
       Ration            |       |     1 |     1 |     2 ||     4
Armor: Robe              |    25 |    16 |    33 |    44 ||   118
Dodge: Dodged            |    42 |    43 |    74 |    85 ||   244

Table legend:
 A = Spawn XP
 B = Non-spawn XP
 C = Spawn XP percentage of total XP
 D = Spawn monster count
 E = Non-spawn monster count
 F = Spawn count percentage of total count
 G = Total turns spent on level
                    A         B        C        D         E        F      G
               +---------+---------+-------+---------+---------+-------+---------
         Total |       0 |   17173 |   0.0 |       0 |     276 |   0.0 |  6435
               +---------+---------+-------+---------+---------+-------+---------
           D:1 |       0 |      22 |   0.0 |       0 |      13 |   0.0 |   291
           D:2 |       0 |     196 |   0.0 |       0 |      18 |   0.0 |   465
           D:3 |       0 |      47 |   0.0 |       0 |      20 |   0.0 |   498
           D:4 |       0 |    1097 |   0.0 |       0 |      34 |   0.0 |   729
           D:5 |       0 |     268 |   0.0 |       0 |      14 |   0.0 |   443
           D:6 |       0 |     916 |   0.0 |       0 |      23 |   0.0 |   571
           D:7 |       0 |    1284 |   0.0 |       0 |      27 |   0.0 |   597
           D:8 |       0 |    1263 |   0.0 |       0 |      18 |   0.0 |   600
           D:9 |       0 |    3755 |   0.0 |       0 |      25 |   0.0 |   842
          D:10 |       0 |    2443 |   0.0 |       0 |      34 |   0.0 |   542
          D:11 |       0 |    5754 |   0.0 |       0 |      40 |   0.0 |   630
         Sewer |       0 |     128 |   0.0 |       0 |      10 |   0.0 |   182
               +---------+---------+-------+---------+---------+-------+---------
